 Dungeon Crawl Stone Soup version 0.29.0-13-gc9e81de378 (webtiles) character file.

Game seed: 744755003927419993

17 ILmort the Shooter (level 2, 0/25 HPs)
             Began as a Hill Orc Hunter on Sept 10, 2022.
             Slain by a rat (2 damage)
             ... on level 1 of the Dungeon.
             The game lasted 00:01:06 (400 turns).

ILmort the Shooter (Hill Orc Hunter)                 Turns: 400, Time: 00:01:06

Health: 0/25       AC:  3    Str: 13    XL:     2   Next: 62%
Magic:  2/2        EV: 11    Int:  9    God:
Gold:   34         SH:  0    Dex: 14    Spells: 1/1 levels left

rFire   . . .      SeeInvis .   a - +0 shortbow
rCold   . . .      Faith    .   (shield currently unavailable)
rNeg    . . .      Spirit   .   c - +0 leather armour
rPois   .          Reflect  .   (no helmet)
rElec   .          Harm     .   (no cloak)
rCorr   .          Rampage  .   (no gloves)
Will    .....                   (no boots)
Stlth   +.........              (no amulet)
HPRegen 0.08/turn               (no ring)
MPRegen 0.08/turn               (no ring)

@: no status effects
A: no striking features
a: no special abilities


You were on level 1 of the Dungeon.
You visited 1 branch of the dungeon, and saw 1 of its levels.

You collected 34 gold pieces.

Inventory:

Hand Weapons
 a - a +0 shortbow (weapon)
Missiles
 e - 2 curare-tipped darts
Armour
 c - a +0 leather armour (worn)
Scrolls
 b - a scroll of immolation
 d - a scroll of identify {unknown}
Potions
 f - 2 potions of heal wounds {unknown}
 g - a potion of flight {unknown}


   Skills:
 - Level 2.5 Fighting
 * Level 4.2 Ranged Weapons
 - Level 1.5 Dodging
 - Level 0.7 Stealth


You had one spell level left.
You didn't know any spells.
Your spell library contained the following spells:

 Spells                   Type           Power      Damage    Failure   Level
 Confusing Touch          Hex            0%         N/A       83%         3
 Yara's Violent Unravell  Hex/Tmut       0%         3d3       100%        5
 Enfeeble                 Hex            0%         N/A       100%        7


Dungeon Overview and Level Annotations

Branches:
Dungeon (1/15)

Altars:


Message History

You clumsily bash the rat but do no damage.
The rat closely misses you. The rat bites you.
You closely miss the rat. The rat bites you but does no damage.
You clumsily bash the rat but do no damage.
The rat barely misses you. x2
You clumsily bash the rat but do no damage.
The rat barely misses you.
You barely miss the rat. The rat bites you but does no damage.
The rat closely misses you.
You clumsily bash the rat but do no damage.
The rat barely misses you.
You clumsily bash the rat but do no damage.
The rat closely misses you. The rat bites you.
You clumsily bash the rat but do no damage.
The rat completely misses you.
You clumsily bash the rat but do no damage.
The rat bites you.
* * * LOW HITPOINT WARNING * * *
The rat bites you but does no damage.
You clumsily bash the rat but do no damage.
The rat barely misses you.
You closely miss the rat. The rat bites you.
* * * LOW HITPOINT WARNING * * *
The rat bites you but does no damage.
You closely miss the rat. The rat misses you.
You clumsily bash the rat but do no damage.
The rat bites you.
* * * LOW HITPOINT WARNING * * *
The rat bites you but does no damage.
You clumsily bash the rat but do no damage.
The rat misses you.
You clumsily bash the rat but do no damage.
The rat bites you.
* * * LOW HITPOINT WARNING * * *
The rat barely misses you.
You barely miss the rat. The rat misses you.
You closely miss the rat.
The rat bites you but does no damage. x2
You clumsily bash the rat but do no damage.
The rat bites you.
You die...

.. #.
#.## #..#
#..#
.#####..#
......†K#
#r# #@#
#.# #.#
#######.#
#.......#
#.#######
#.# #.#
#.#


You could see a kobold and a rat.

Vanquished Creatures
  A ball python (D:1)
  An endoplasm (D:1)
  3 giant cockroaches (D:1)
  A hobgoblin (D:1)
  A kobold (D:1)
  2 quokkas (D:1)
  2 bats (D:1)
  2 frilled lizards (D:1)
  2 rats (D:1)
15 creatures vanquished.

Notes
Turn   | Place    | Note
-------+----------+-------------------------------------------
     0 | D:1      | ILmort the Hill Orc Hunter began the quest for the Orb.
     0 | D:1      | Reached XP level 1. HP: 18/18 MP: 1/1
   152 | D:1      | Reached XP level 2. HP: 25/25 MP: 2/2
   154 | D:1      | Reached skill level 4 in Ranged Weapons
   400 | D:1      | Slain by a rat

Illustrated notes

Levels and vault maps discovered:
D:1:      erik_arrival_triangle_medium, layout_loops_ring, minmay_pentomino_p4

Skill      XL: |  1  2 |
---------------+-------+-----
Ranged Weapons | 4 |  4.2
Fighting       | |  2.5
Dodging        | |  1.5
Stealth        | |  0.7

Action                   || total
-------------------------++-------
Melee: Shortbow          ||    45
 Fire: Shortbow          ||    39
Armor: Leather armour    ||    24
Dodge: Dodged            ||    39
